 Dungeon Crawl Stone Soup version bcrawl-1.21.2-1-g32d02e0829 (webtiles) character file.

Game seed: 10615069706211611479

319 Mrkan the Skirmisher (level 6, -23/39 HPs)
             Began as a Gargoyle Fighter on Feb 24, 2020.
             Was an Initiate of Okawaru.
             Annihilated by an ogre
             ... wielding a +0 giant spiked club
              (24 damage)
             ... on level 3 of the Dungeon.
             The game lasted 00:03:23 (2995 turns).

Mrkan the Skirmisher (Gargoyle Fighter)             Turns: 2995, Time: 00:03:24

Health: -23/39     AC: 11    Str: 20    XL:     6   Next: 45%
Magic:  6/6        EV:  7    Int:  9    God:    Okawaru [......]
Gold:   226        SH:  9    Dex: 10    Spells: 5/5 levels left

rFire    . . .     SeeInvis .   a - +0 flail
rCold    . . .     Gourm    .   c - +0 shield
rNeg     + . .     Faith    .   b - +0 scale mail
rPois    ∞         Spirit   .   (no helmet)
rElec    +         Reflect  .   (no cloak)
rCorr    .         Harm     .   (no gloves)
MR       .....                  (no boots)
Stlth    ..........             (no amulet)
HPRegen  0.13/turn              (no ring)
MPRegen  0.10/turn              (no ring)

@: no status effects
A: negative energy resistance 1, electricity resistance, unbreathing,
petrification resistance, rot immunity, AC +4
a: Renounce Religion


You were on level 3 of the Dungeon.
You worshipped Okawaru.
Okawaru was noncommittal.
You were not hungry.

You visited 1 branch of the dungeon, and saw 4 of its levels.

You collected 226 gold pieces.

Inventory:

Hand Weapons
 a - a +0 flail (weapon)
Armour
 b - a +0 scale mail (worn)
 c - a +0 shield (worn)
Jewellery
 n - an uncursed amulet of rage {unknown}
Wands
 r - a wand of iceblast (9)
Scrolls
 d - 2 scrolls of blinking {unknown}
 f - 3 scrolls of remove curse {unknown}
 i - 6 scrolls of teleportation {unknown}
 j - a scroll of enchant weapon {unknown}
 l - 3 scrolls of identify {unknown}
 o - a scroll of fear {unknown}
 p - a scroll of magic mapping {unknown}
 q - a scroll of noise {unknown}
Potions
 g - 2 potions of agility {unknown}
 h - a potion of curing
 k - a potion of degeneration {unknown}
 m - a potion of ambrosia {unknown}
Comestibles
 e - 4 rations {!d}


   Skills:
 + Level 4.5 Fighting
 * Level 4.4 Maces & Flails
 + Level 4.4 Armour
 + Level 4.5 Shields


You had 5 spell levels left.
You didn't know any spells.
Your spell library was empty.

Dungeon Overview and Level Annotations

Branches:
Dungeon (4/12)
 Temple: D:4-7

Altars:
Ashenzari
Hepliaklqana
Lugonu
Okawaru
Ru
Vehumet
Xom


Innate Abilities, Weirdness & Mutations

You are resistant to torment.
Your stone body is resilient. (AC +4)
You are immune to poison.
You resist negative energy. (rN+)
You are resistant to electric shocks. (rElec)
You can survive without breathing.
You are immune to petrification.
You are immune to rotting.


Message History

Your shield and scale mail prevent you from hitting the ogre.
The ogre is heavily wounded.
You block the ogre's attack.
You hit the ogre.
The ogre is heavily wounded.
You barely miss the ogre.
The ogre is heavily wounded.
The ogre hits you with a +0 giant spiked club!
* * * LOW HITPOINT WARNING * * *
You hit the ogre.
The ogre is severely wounded.
The crimson imp blinks!
You block the ogre's attack.
You closely miss the ogre.
The ogre is severely wounded.
You block the ogre's attack.
You hit the ogre.
The ogre is severely wounded.
The ogre hits you with a +0 giant spiked club!!
Ouch! That really hurt!
You die...

#.###..####.#
#.............#
###.####.## #.#
#.###############
..........# #.#
#.# #.........
........#.# #.#
#.# #.########
...[....#.###.#
#.# #.# #...#
###.....#..##.#
#.# #.# #.#.#
#.....##.##.# #.#
#.# #.#.#
#.....##..#.###.#
#.# #.#..
#...........§O@.#
#.# #.###
#########...#####
#.# #...) ##..#
#)# ##### #..#
#.# #..# #.#####
##.#######
#.....#
#.>......#
#####.#
#..).....# #.#
#..).....# #.#


You could see an ogre.

Vanquished Creatures
  2 ogres (D:3)
  2 gnolls (D:3)
  4 adders
  2 oozes
  4 worms
  3 dart slugs
  3 leopard geckos
  4 orcs (D:3)
  2 ball pythons (D:3)
  3 bats
  2 giant cockroaches
  9 goblins
  7 hobgoblins
  A quokka (D:2)
  5 frilled lizards
  8 kobolds
  3 rats
64 creatures vanquished.

Notes
Turn   | Place    | Note
-------+----------+-------------------------------------------
     0 | D:1      | Mrkan the Gargoyle Fighter began the quest for the Orb.
     0 | D:1      | Reached XP level 1. HP: 14/14 MP: 1/1
    53 | D:1      | Reached XP level 2. HP: 5/19 MP: 2/2
   787 | D:2      | Reached XP level 3. HP: 23/23 MP: 3/3
   960 | D:2      | Found an iron altar of Okawaru.
   977 | D:2      | Became a worshipper of Warmaster Okawaru
  1011 | D:2      | Found a shimmering altar of Xom.
  1033 | D:2      | Found a radiant altar of Vehumet.
  1038 | D:2      | Found a sacrificial altar of Ru.
  1040 | D:2      | Found a corrupted altar of Lugonu.
  1135 | D:2      | Reached XP level 4. HP: 25/29 MP: 4/4
  1201 | D:2      | Found a hazy altar of Hepliaklqana.
  1950 | D:3      | Found a shattered altar of Ashenzari.
  1979 | D:3      | Reached XP level 5. HP: 23/33 MP: 5/5
  2086 | D:3      | Noticed an ogre
  2101 | D:3      | Killed an ogre
  2690 | D:4      | Noticed an ogre
  2699 | D:4      | Noticed an ogre
  2731 | D:3      | Reached XP level 6. HP: 7/39 MP: 6/6
  2992 | D:3      | HP: 1/39 [ogre/+0 giant spiked club (9)]
  2995 | D:3      | Annihilated by an ogre

Skill      XL: |  1  2  3  4  5 |
---------------+----------------+-----
Maces & Flails | 3 4 |  4.4
Fighting       | 4 |  4.5
Shields        | 4 |  4.5
Armour         | 4 |  4.4

Action                   |  1- 3 |  4- 6 || total
-------------------------+-------+-------++-------
Melee: Flail             |   113 |   160 ||   273
  Use: Potion            |     1 |     1 ||     2
  Eat: Chunk             |     1 |     6 ||     7
Armor: Scale mail        |    62 |    67 ||   129
Dodge: Dodged            |    36 |    51 ||    87
Block: Shield            |    65 |    78 ||   143
